 Dungeon Crawl Stone Soup version 0.31-a0-232-gb1c03b2570 (webtiles) character file.

Game seed: 4183054575962943841

66 qw the Shooter (level 3, -2/29 HPs)
             Began as a Minotaur Hexslinger on July 7, 2023.
             Killed from afar by an orc wizard (5 damage)
             ... with a magic dart
             ... on level 3 of the Dungeon.
             The game lasted 00:00:46 (2661 turns).

qw the Shooter (Minotaur Hexslinger)                Turns: 2661, Time: 00:00:47

Health: -2/29      AC:  3    Str: 12    XL:     3   Next: 96%
Magic:  3/3        EV: 12    Int: 10    God:
Gold:   128        SH:  0    Dex: 14    Spells: 3/4 levels left

rFire   . . .        Y - +1 sling
rCold   . . .        (no shield)
rNeg    . . .        c - +0 robe
rPois   .            (helmet restricted)
rElec   .            (no cloak)
rCorr   .            h - +0 pair of gloves
SInv    .            (no boots)
Will    .....        (no amulet)
Stlth   +            (no ring)
HPRegen 0.24/turn    (no ring)
MPRegen 0.08/turn

%: no passive effects
@: no status effects
A: horns 2, retaliatory headbutt
a: no special abilities


You were on level 3 of the Dungeon.
You visited 1 branch of the dungeon, and saw 3 of its levels.

You collected 128 gold pieces.


Innate Abilities, Weirdness & Mutations

You have a pair of horns on your head.
You reflexively headbutt those who attack you in melee.


   Skills:
 - Level 2.0 Fighting
 + Level 4.5 Ranged Weapons
 - Level 2.1 Dodging
 - Level 1.0 Spellcasting
 - Level 2.0 Hexes


You had 3 spell levels left.
You knew the following spells:

 Your Spells              Type           Power      Damage    Failure   Level
a - Slow                  Hex            16%        N/A       16%         1

Your spell library contained the following spells:

 Spells                   Type           Power      Damage    Failure   Level
 Inner Flame              Hex/Fire       2%         N/A       56%         3
 Portal Projectile        Hex/Tloc       4%         N/A       56%         3
 Cause Fear               Hex            2%         N/A       83%         4

Inventory:

Hand Weapons
 Y - a +1 sling (weapon)
Armour
 a - a +0 leather armour
 c - a +0 robe (worn)
 h - a +0 pair of gloves (worn)
Potions
 d - a potion of lignification {unknown}
 e - a potion of might {unknown}
 j - a potion of mutation {unknown}
 l - a potion of degeneration {unknown}

Dungeon Overview and Level Annotations

Branches:
Dungeon (3/15)

Altars:
Ashenzari


Message History

You feel sick.
A puff of flame appears from out of thin air!
The puff of flame misses you.
2643 ||| FLEEEEING.
You feel sick.
2644 ||| FLEEEEING.
You feel sick.
You are confused.
You feel sick.
You are no longer poisoned.
Something tries to affect you, but you resist.
A puff of flame appears from out of thin air!
The puff of flame hits you!
You feel less confused. Something hits you but does no damage.
2652 ||| FLEEEEING.
2653 ||| FLEEEEING.
2654 ||| FLEEEEING.
Something hits you.
You are poisoned.
You feel sick.
2655 ||| FLEEEEING.
You feel sick.
2656 ||| FLEEEEING.
You feel sick.
2657 ||| FLEEEEING.
You feel sick.
You hear some strange, mumbled words.
A puff of flame appears from out of thin air!
The puff of flame misses you.
2658 ||| FLEEEEING.
You feel sick.
2659 ||| FLEEEEING.
You feel sick.
2660 ||| FLEEEEING.
You feel sick.
You are no longer poisoned.
2661 ||| FLEEEEING.
A magic dart appears from out of thin air!
The magic dart hits you.
You die...

#.# #.##.#.# #.#
#.##.#.# #.# #.##.#.#
#.# #.##.#.##### #.#
#.##........
#.####.##.#.#####
#........{..##########
######....#...........
#.#@.o#.#...........
#...>...............
#.....#.#...........
#.#####.#######.#'##
#.# #.# #.#... #.# #.#
#.###. #.# #.# ## #.#
..# #.# ###


You could see an orc.

Vanquished Creatures
  A gnoll (D:1)
  2 adders (D:2)
  2 orcs (D:3)
  3 ball pythons
  3 bats
  3 endoplasms (D:1)
  2 goblins (D:1)
  4 hobgoblins
  3 quokkas (D:1)
  2 frilled lizards (D:1)
  6 kobolds
  5 rats (D:1)
36 creatures vanquished.

Notes
Turn   | Place    | Note
-------+----------+-------------------------------------------
     0 | D:1      | qw the Minotaur Hexslinger began the quest for the Orb.
     0 | D:1      | Reached XP level 1. HP: 16/16 MP: 1/1
     0 | D:1      | 0 ||| qw: Version: 0.3-a-46-gb1f654a
     0 | D:1      | 0 ||| qw: Game counter: 2957
     0 | D:1      | 0 ||| qw: Melee chars always use a shield: true
     0 | D:1      | 0 ||| qw: God list: Okawaru
     0 | D:1      | 0 ||| qw: Allow faded altars: false
     0 | D:1      | 0 ||| qw: Do Orc after clearing Dungeon:15 true
     0 | D:1      | 0 ||| qw: Do second Lair branch before Depths: true
     0 | D:1      | 0 ||| qw: Lair rune preference: random
     0 | D:1      | 0 ||| qw: Goals: Normal
     0 | D:1      | 0 ||| PLANNING D:1-11
   141 | D:1      | HP: 2/16 [gnoll/+0 spear (7)]
   144 | D:1      | Reached skill level 3 in Ranged Weapons
   144 | D:1      | Reached XP level 2. HP: 3/23 MP: 2/2
   144 | D:1      | 144 ||| FLEEEEING.
   145 | D:1      | 145 ||| FLEEEEING.
   146 | D:1      | 146 ||| FLEEEEING.
   147 | D:1      | 147 ||| FLEEEEING.
   148 | D:1      | 148 ||| FLEEEEING.
   149 | D:1      | 149 ||| FLEEEEING.
   150 | D:1      | 150 ||| FLEEEEING.
   151 | D:1      | 151 ||| FLEEEEING.
   152 | D:1      | 152 ||| FLEEEEING.
   153 | D:1      | 153 ||| FLEEEEING.
   154 | D:1      | 154 ||| FLEEEEING.
   155 | D:1      | 155 ||| FLEEEEING.
   156 | D:1      | 156 ||| FLEEEEING.
   157 | D:1      | 157 ||| FLEEEEING.
   158 | D:1      | 158 ||| FLEEEEING.
   159 | D:1      | 159 ||| FLEEEEING.
   160 | D:1      | 160 ||| FLEEEEING.
   161 | D:1      | 161 ||| FLEEEEING.
   162 | D:1      | 162 ||| FLEEEEING.
   163 | D:1      | 163 ||| FLEEEEING.
   164 | D:1      | 164 ||| FLEEEEING.
   165 | D:1      | 165 ||| FLEEEEING.
   166 | D:1      | 166 ||| FLEEEEING.
   167 | D:1      | 167 ||| FLEEEEING.
   168 | D:1      | 168 ||| FLEEEEING.
   169 | D:1      | 169 ||| FLEEEEING.
   170 | D:1      | 170 ||| FLEEEEING.
   171 | D:1      | 171 ||| FLEEEEING.
   172 | D:1      | 172 ||| FLEEEEING.
   173 | D:1      | 173 ||| FLEEEEING.
   174 | D:1      | 174 ||| FLEEEEING.
   175 | D:1      | 175 ||| FLEEEEING.
   176 | D:1      | 176 ||| FLEEEEING.
   177 | D:1      | 177 ||| FLEEEEING.
   178 | D:1      | 178 ||| FLEEEEING.
   179 | D:1      | 179 ||| FLEEEEING.
   180 | D:1      | 180 ||| FLEEEEING.
   181 | D:1      | 181 ||| FLEEEEING.
   182 | D:1      | 182 ||| FLEEEEING.
   183 | D:1      | 183 ||| FLEEEEING.
   185 | D:1      | 185 ||| FLEEEEING.
   186 | D:1      | 186 ||| FLEEEEING.
   187 | D:1      | 187 ||| FLEEEEING.
   188 | D:1      | 188 ||| FLEEEEING.
   189 | D:1      | 189 ||| FLEEEEING.
   190 | D:1      | 190 ||| FLEEEEING.
   191 | D:1      | 191 ||| FLEEEEING.
   192 | D:1      | 192 ||| FLEEEEING.
   193 | D:1      | 193 ||| FLEEEEING.
   194 | D:1      | 194 ||| FLEEEEING.
   195 | D:1      | 195 ||| FLEEEEING.
   196 | D:1      | 196 ||| FLEEEEING.
   197 | D:1      | 197 ||| FLEEEEING.
   198 | D:1      | 198 ||| FLEEEEING.
   199 | D:1      | 199 ||| FLEEEEING.
   200 | D:1      | 200 ||| FLEEEEING.
   201 | D:1      | 201 ||| FLEEEEING.
   202 | D:1      | 202 ||| FLEEEEING.
   203 | D:1      | 203 ||| FLEEEEING.
   204 | D:1      | 204 ||| FLEEEEING.
   205 | D:1      | 205 ||| FLEEEEING.
   206 | D:1      | 206 ||| FLEEEEING.
   207 | D:1      | 207 ||| FLEEEEING.
   208 | D:1      | 208 ||| FLEEEEING.
   209 | D:1      | 209 ||| FLEEEEING.
   464 | D:1      | Reached XP level 3. HP: 29/29 MP: 3/3
  1246 | D:1      | 1246 ||| UPGRADING to +0 pair of gloves.
  1251 | D:1      | 1251 ||| READING scroll labelled TEIKLO ULAKO.
  1304 | D:1      | 1304 ||| READING scroll labelled YTWUZUA OKEI.
  1305 | D:1      | 1305 ||| READING scroll labelled IFAGOIFROX.
  1306 | D:1      | 1306 ||| READING scroll labelled DOEVIAS KIUL.
  1307 | D:1      | 1307 ||| READING scroll labelled OFAIWIZ CYHIRY.
  1308 | D:1      | 1308 ||| DROPPING scroll of poison.
  1390 | D:2      | Reached skill level 4 in Ranged Weapons
  1406 | D:2      | HP: 5/29 [hobgoblin (4)]
  1408 | D:2      | HP: 1/29 [hobgoblin (2)]
  2518 | D:2      | 2518 ||| DROPPING scarf of invisibility.
  2519 | D:2      | 2519 ||| READING scroll labelled ROICVUGIGA.
  2524 | D:2      | 2524 ||| READING scroll labelled LAODUNT LOOREO.
  2525 | D:2      | 2525 ||| READING scroll labelled SUUBLE FINIOTA.
  2526 | D:2      | 2526 ||| DRINKING 2 coppery potions.
  2616 | D:3      | Found a broken altar of Ashenzari.
  2635 | D:3      | 2635 ||| FLEEEEING.
  2636 | D:3      | 2636 ||| FLEEEEING.
  2637 | D:3      | 2637 ||| FLEEEEING.
  2637 | D:3      | HP: 7/29 [something/magic dart (4)]
  2638 | D:3      | 2638 ||| DRINKING potion of heal wounds.
  2639 | D:3      | 2639 ||| FLEEEEING.
  2640 | D:3      | 2640 ||| FLEEEEING.
  2642 | D:3      | 2642 ||| FLEEEEING.
  2643 | D:3      | 2643 ||| FLEEEEING.
  2644 | D:3      | 2644 ||| FLEEEEING.
  2652 | D:3      | 2652 ||| FLEEEEING.
  2653 | D:3      | 2653 ||| FLEEEEING.
  2654 | D:3      | 2654 ||| FLEEEEING.
  2655 | D:3      | 2655 ||| FLEEEEING.
  2655 | D:3      | HP: 6/29 [poisoned by an orc wizard]
  2656 | D:3      | 2656 ||| FLEEEEING.
  2657 | D:3      | 2657 ||| FLEEEEING.
  2658 | D:3      | 2658 ||| FLEEEEING.
  2659 | D:3      | 2659 ||| FLEEEEING.
  2660 | D:3      | 2660 ||| FLEEEEING.
  2660 | D:3      | HP: 2/29 [poisoned by an orc wizard]
  2661 | D:3      | 2661 ||| FLEEEEING.
  2661 | D:3      | Killed from afar by an orc wizard

Levels and vault maps discovered:
D:1:      lemuel_arrival_muddy, layout_basic, nicolae_houndstooth_variations
D:2:      layout_basic, st_stairs_3, guppyfry_early_lair_pool
D:3:      layout_basic, mainiacjoe_overflow_concentric_impassable,
          elyvilon_altar_1

Skill      XL: |  1  2  3 |
---------------+----------+-----
Ranged Weapons | 3 4 |  4.5
Fighting       | 2 |  2.0
Dodging        | |  2.1
Spellcasting   | |  1.0
Hexes          | |  2.0

Action                     || total
---------------------------++-------
   Fire: Sling             ||    86
    Use: Scroll            ||     8
         Potion            ||     2
 Armour: Robe              ||     8
  Dodge: Dodged            ||    24

Table legend:
 A = Non-vault XP
 B = Vault XP
 C = Vault XP percentage of total XP
 D = Non-vault monster count
 E = Vault monster count
 F = Vault count percentage of total count
                 A         B        C        D         E       F
            +---------+---------+-------+---------+---------+-------
      Total |      92 |       3 |   3.2 |      34 |       2 |   5.6
            +---------+---------+-------+---------+---------+-------
        D:1 |      52 |       0 |   0.0 |      25 |       0 |   0.0
        D:2 |      34 |       3 |   8.1 |       7 |       2 |  22.2
        D:3 |       6 |       0 |   0.0 |       2 |       0 |   0.0
            +---------+---------+-------+---------+---------+-------
